Map: Blackpink LE

Players

JagrsMullets

  • Race: Protoss Protoss
  • Spawn Location: 7:00

A.I. 1 (Harder) - Winner!

  • Race: Zerg Zerg
  • Spawn Location: 1:00

VOD

Have the link to the VOD?

Description

Time

  • Played on: Dec. 21, 2017, 3:30 a.m.
  • Length: 10:49
Show
View Real Time Build Order
Export as new Build Order

JagrsMullets Protoss 

Build Orders:  

Get SALT Encoding   

  12  0:06  Probe (Chrono Boost)  
  13  0:16  Probe (Chrono Boost)  
  14  0:24  Probe  
  14  0:26  Pylon  
  15  0:58  Forge  
  15  1:04  Gateway  
  15  1:09  Gateway  
  15  1:14  Assimilator  
  15  1:17  Assimilator  
  15  1:20  Probe (Chrono Boost)  
  16  1:30  Probe (Chrono Boost)  
  17  1:35  Pylon  
  17  1:45  Pylon  
  17  1:53  Probe  
  18  1:55  Pylon  
  18  1:59  Zealot  
  20  2:01  Zealot  
  20  2:05  Probe  
  23  2:27  Zealot  
  23  2:28  Zealot  
  27  2:40  Pylon  
  27  2:52  Cybernetics Core  
  27  2:58  Probe (Chrono Boost)  
  28  3:10  Probe (Chrono Boost)  
  29  3:15  Probe (Chrono Boost)  
  29  3:16  Nexus  
  30  3:26  Assimilator  
  30  3:28  Assimilator  
  30  3:40  Stargate  
  30  3:45  Pylon  
  30  4:11  Pylon  
  30  4:14  Pylon  
  30  4:22  Pylon  
  30  4:34  Probe (Chrono Boost)  
  31  4:45  Probe (Chrono Boost)  
  32  4:50  Probe (Chrono Boost)  
  32  4:51  Stalker x2  
  37  4:54  Warp Gate (Chrono Boost)  
  37  5:01  Probe (Chrono Boost)  
  38  5:13  Probe (Chrono Boost)  
  40  5:15  Probe (Chrono Boost)  
  40  5:21  Probe (Chrono Boost)  
  40  5:22  Probe (Chrono Boost)  
  40  5:27  Probe (Chrono Boost)  
  34  5:33  Zealot x2  
  35  5:38  Probe  
  36  5:51  Photon Cannon  
  36  6:00  Zealot x2  
  36  6:02  Photon Cannon  
  40  6:17  Photon Cannon  
  40  6:20  Photon Cannon  
  40  6:25  Photon Cannon  
  36  6:36  Photon Cannon  
  32  6:42  Photon Cannon  
  32  6:50  Photon Cannon  
  32  6:57  Photon Cannon  
  31  7:07  Photon Cannon  
  29  7:15  Photon Cannon  
  26  7:23  Photon Cannon  
  26  7:30  Stalker  
  26  7:35  Zealot  
  30  8:02  Nexus  
  30  8:18  Assimilator  
  30  8:20  Assimilator  
  30  8:28  Pylon  
  30  8:32  Pylon  
  30  8:50  Pylon  
  30  8:57  Pylon  
  30  9:01  Nexus  
  29  9:22  Photon Cannon x2  
  29  9:45  Probe (Chrono Boost)  
  30  9:50  Zealot  
  32  9:55  Probe (Chrono Boost)  
  33  10:00  Probe (Chrono Boost)  
  33  10:01  Photon Cannon  
  29  10:24  Photon Cannon  
  29  10:25  Photon Cannon  
  26  10:33  Adept  
  28  10:37  Adept  
Show
View Real Time Build Order
Export as new Build Order

A.I. 1 (Harder) Zerg - Winner!

Build Orders: Pool First 

Get SALT Encoding   

  12  0:00  Drone  
  13  0:12  Overlord  
  13  0:17  Drone  
  14  0:30  Drone x2  
  16  0:44  Spawning Pool  
  16  0:45  Drone  
  17  0:50  Drone  
  17  0:53  Extractor  
  17  0:55  Drone  
  17  1:05  Overlord  
  17  1:31  Zergling x2, Queen  
  20  1:35  Zergling x2  
  20  1:38  Roach Warren, Drone  
  21  1:44  Extractor  
  20  1:49  Drone  
  21  1:59  Drone  
  22  2:10  Overlord  
  22  2:21  Drone  
  23  2:32  Roach  
  25  2:38  Roach, Drone  
  25  2:39  Overlord  
  25  2:44  Roach  
  30  2:54  Roach  
  32  3:05  Roach  
  34  3:10  Roach, Overlord  
  36  3:14  Roach  
  36  3:18  Roach  
  40  3:27  Roach  
  42  3:35  Baneling Nest  
  42  3:38  Drone  
  42  3:42  Roach, Drone x2  
  46  3:49  Drone  
  46  3:55  Evolution Chamber  
  46  4:00  Drone  
  47  4:11  Drone  
  47  4:13  Drone, Overlord  
  47  4:14  Drone  
  50  4:41  Lair  
  50  4:52  Overlord  
  50  4:57  Zerg Melee Weapons Level 1  
  49  5:23  Zergling x2  
  49  5:39  Burrow  
  49  5:40  Hydralisk Den  
  49  5:41  Drone  
  49  5:53  Spore Crawler  
  48  5:57  Spore Crawler  
  48  5:58  Drone  
  48  6:08  Hydralisk  
  50  6:15  Hydralisk  
  50  6:16  Infestation Pit  
  50  6:17  Drone  
  52  6:20  Overseer  
  52  6:21  Hydralisk  
  52  6:22  Overseer  
  52  6:23  Spine Crawler  
  53  6:28  Hydralisk  
  53  6:34  Hydralisk  
  55  6:41  Hydralisk  
  57  6:48  Roach  
  57  6:49  Queen  
  57  6:50  Hatchery  
  57  6:51  Zerg Missile Weapons Level 1, Drone  
  61  6:55  Roach  
  61  7:01  Roach  
  61  7:08  Spine Crawler  
  61  7:10  Drone  
  61  7:13  Roach  
  61  7:20  Roach  
  61  7:26  Roach  
  61  7:33  Roach  
  61  7:40  Roach  
  61  7:49  Spire  
  56  7:51  Roach  
  56  7:58  Roach  
  60  8:02  Drone  
  60  8:03  Drone x3  
  60  8:04  Drone  
  65  8:15  Overlord  
  65  8:17  Drone  
  66  8:23  Drone  
  67  8:33  Drone  
  68  8:36  Overlord  
  68  8:39  Drone  
  69  8:41  Drone  
  69  8:44  Drone  
  69  8:46  Zerg Ground Armor Level 1  
  71  8:51  Lurker Den  
  70  8:59  Evolution Chamber  
  69  9:07  Hatchery  
  68  9:30  Pneumatized Carapace  
  68  9:38  Extractor, Overseer  
  67  9:42  Extractor  
  67  9:43  Drone  
  67  9:46  Drone  
  67  9:48  Drone  
  67  9:51  Drone  
  70  9:53  Drone  
  70  9:56  Overlord, Drone  
  72  10:03  Drone  
  74  10:07  Drone  
  74  10:12  Overseer  
  75  10:14  Drone x3  
  75  10:17  Drone, Overlord  
  78  10:28  Drone, Zergling x2  
  80  10:32  Drone  
  80  10:33  Drone  
  81  10:36  Drone  
Tags
 
Matchup
PvZ
Opening
Pool First
Spawn Locations
Cross Positions
Add a new tag
Caveats
  • Supply blocks, unpowered buildings, or Contaminate may cause inaccurate times.
  • Supply counts are checked every 10 seconds.